 Dungeon Crawl Stone Soup version 0.21.1-1-g345015f (webtiles) character file.

172 nightchill the Grave Robber (level 5, -6/35 HPs)
             Began as a Mummy Necromancer on Mar 27, 2018.
             Killed from afar by an orc wizard (13 damage)
             ... with a puff of flame
             ... on level 3 of the Dungeon.
             The game lasted 00:22:43 (3904 turns).

nightchill the Grave Robber (Mummy Necromancer)     Turns: 3904, Time: 00:22:44

Health: -6/35      AC:  2    Str: 12    XL:     5   Next: 27%
Magic:  5/9        EV: 12    Int: 15    God:
Gold:   124        SH:  0    Dex: 12    Spells: 4/9 levels left

rFire    x . .     SeeInvis .   j - +0 dagger
rCold    + . .     Gourm    .   (no shield)
rNeg     + + +     Faith    .   a - +0 robe
rPois    ∞         Spirit   .   (no helmet)
rElec    .         Reflect  .   (no cloak)
rCorr    .         Harm     .   (no gloves)
MR       .....                  (no boots)
Stlth    ++........             (no amulet)
HPRegen  0.11/turn              (no ring)
MPRegen  0.11/turn              (no ring)

@: no status effects
A: no food or potions, fire vulnerability, cold resistance 1, negative energy
resistance 3, torment resistance, unbreathing
a: no special abilities


You were on level 3 of the Dungeon.
You were not hungry.

You visited 1 branch of the dungeon, and saw 3 of its levels.

You collected 124 gold pieces.

Inventory:

Hand Weapons
 c - a +0 hunting sling
 i - a +0 spear
 j - a +0 dagger (weapon)
 l - a +0 whip
Missiles
 f - 6 needles of sleeping
 h - 100 stones (quivered)
Armour
 a - a +0 robe (worn)
Jewellery
 m - a cursed ring of teleportation {unknown}
Scrolls
 d - a scroll of identify {unknown}
 e - a scroll of fear {unknown}
 g - 3 scrolls of remove curse {unknown}
 k - 2 scrolls of teleportation {unknown}
Books
 b - a book of Necromancy

   Spells                             Type                      Level
   a - Pain                           Necromancy                   1
   b - Animate Skeleton               Necromancy                   1
   c - Vampiric Draining              Necromancy                   3
   d - Regeneration                   Charms/Necromancy            3
   e - Animate Dead                   Necromancy                   4
   f - Borgnjor's Vile Clutch         Necromancy/Earth             5


   Skills:
 - Level 1.5 Dodging
 - Level 1.5 Stealth
 - Level 2.6 Spellcasting
 + Level 6.6 Necromancy


You had 4 spell levels left.
You knew the following spells:

 Your Spells              Type           Power        Failure   Level  Hunger
a - Pain                  Necr           ###.         1%          1    N/A
b - Animate Skeleton      Necr           N/A          1%          1    N/A
c - Vampiric Draining     Necr           ###.......   4%          3    N/A

Dungeon Overview and Level Annotations

Branches:
Dungeon (3/15)

Altars:
Dithmenos

Annotations:
D:2 exclusion: downstairs


Innate Abilities, Weirdness & Mutations

You do not eat or drink.
Your flesh is vulnerable to fire.
You are immune to poison.
Your flesh is cold resistant. (rC+)
You are immune to negative energy. (rN+++)
You are immune to unholy pain and torment.
You can survive without breathing.


Message History

A magic dart appears from out of thin air!
The magic dart hits you! Something hits you.
You hit something.
You hear some strange, mumbled words.
A magic dart appears from out of thin air!
The magic dart hits you!
* * * LOW HITPOINT WARNING * * *
Casting: Pain
Confirm with . or Enter, or press ? or * to list all spells.
You can't see any susceptible monsters within range! (Use Z to cast anyway.)
You miss something. Something hits you but does no damage. Something hits you.
* * * LOW HITPOINT WARNING * * *
You miss something. You miss something. Something hits you but does no damage.
You hit something but do no damage. Something hits you but does no damage.
You hit something but do no damage.
You hear some strange, mumbled words.
A puff of flame appears from out of thin air!
The puff of flame hits you! The fire burns you terribly!
You die...

### #.###### ######### #..%....
#.......# #.######
#.###...##############......[
##o.<)....oo{@...(...........#
##.{.###..########.#####..###.#
###.g.## ♣..♣ ♣.♣ ##.#....
...oo.# ♣..♣ ♣♣. #.#####
....#.# ♣..♣ ♣. #...... .#..###
♣..♣ .♣ ##.#### .#..# ♣.♣♣ ♣
#.# .##.# .♣♣ #.## ###.# #..#


You could see 2 orcs.

Vanquished Creatures
  An orc wizard (D:3)
  3 gnolls
  5 adders (D:2)
  An ooze (D:1)
  4 worms
  2 dart slugs (D:3)
  A leopard gecko (D:2)
  4 orcs
  7 bats
  2 giant cockroaches (D:2)
  8 goblins
  4 hobgoblins
  2 ball pythons
  2 frilled lizards
  A kobold (D:1)
  7 rats
54 creatures vanquished.

Vanquished Creatures (collateral kills)
  A worm (D:2)
  A kobold (D:2)
  A rat (D:2)
3 creatures vanquished.

Grand Total: 57 creatures vanquished

Notes
Turn   | Place    | Note
-------+----------+-------------------------------------------
     0 | D:1      | nightchill the Mummy Necromancer began the quest for the Orb.
     0 | D:1      | Reached XP level 1. HP: 13/13 MP: 4/4
   114 | D:1      | Learned a level 1 spell: Animate Skeleton
   246 | D:1      | Reached XP level 2. HP: 19/19 MP: 2/5
  1297 | D:2      | Reached skill level 5 in Necromancy
  1297 | D:2      | Reached XP level 3. HP: 16/24 MP: 0/7
  1396 | D:2      | Found a shadowy altar of Dithmenos.
  1646 | D:2      | Learned a level 3 spell: Vampiric Draining
  1869 | D:2      | Reached XP level 4. HP: 23/30 MP: 1/8
  2622 | D:2      | Reached skill level 6 in Necromancy
  3645 | D:2      | Reached XP level 5. HP: 15/35 MP: 2/9
  3904 | D:3      | Killed from afar by an orc wizard

Skill      XL: |  1  2  3  4 |
---------------+-------------+-----
Necromancy     | 5 6 |  6.6
Dodging        | |  1.5
Stealth        | |  1.5
Spellcasting   | |  2.6

Action                   |  1- 3 |  4- 6 || total
-------------------------+-------+-------++-------
Melee: Dagger            |    12 |    35 ||    47
       Club              |     1 |       ||     1
Throw: Stone             |     3 |    16 ||    19
 Cast: Pain              |    65 |    55 ||   120
       Animate Skeleton  |    10 |     7 ||    17
       Vampiric Draining |       |     5 ||     5
 Stab: Sleeping          |     1 |     1 ||     2
Armor: Robe              |     6 |     8 ||    14
Dodge: Dodged            |    19 |    29 ||    48
